 Dungeon Crawl Stone Soup version 0.29.1-14-g9c671dbff4 (webtiles) character file.

Game seed: 546571514105013133

65 Heoruswealwe the Caller (level 3, -6/19 HPs)
             Began as a Deep Elf Summoner on Feb 17, 2023.
             Was an Initiate of Gozag.
             Blown up by Ijyb (15 damage)
             ... with a mindburst bolt
             ... on level 3 of the Dungeon.
             The game lasted 00:24:36 (2329 turns).

Heoruswealwe the Caller (Deep Elf Summoner)         Turns: 2329, Time: 00:24:37

Health: -6/19      AC:  3    Str:  5    XL:     3   Next: 94%
Magic:  9/11       EV: 12    Int: 21    God:    Gozag
Gold:   226        SH:  0    Dex: 15    Spells: 7/11 levels left

rFire   . . .      SeeInvis .   c - +0 dagger
rCold   . . .      Faith    .   (no shield)
rNeg    . . .      Spirit   .   v - +0 robe
rPois   .          Reflect  .   (no helmet)
rElec   .          Harm     .   (no cloak)
rCorr   .          Rampage  .   y - +0 pair of gloves
Will    .....                   (no boots)
Stlth   ++........              (no amulet)
HPRegen 0.06/turn               (no ring)
MPRegen 0.12/turn               (no ring)

@: gold aura
A: no striking features
a: Renounce Religion, Potion Petition, Call Merchant, Bribe Branch


You were on level 3 of the Dungeon.
You worshipped Gozag.
Gozag was aware of your devotion.
You visited 1 branch of the dungeon, and saw 3 of its levels.

You collected 226 gold pieces.

Inventory:

Hand Weapons
 c - a +0 dagger (weapon)
 d - a +0 club
 h - a +0 dagger
 i - a +0 dagger
 n - a +0 dagger
 r - a +0 dagger
 t - a +0 dagger
 w - a +0 flail
 x - a +0 dagger
 z - a +0 dagger
Missiles
 l - 4 poisoned darts
 u - 4 stones
Armour
 a - a +0 robe
 m - a +0 chain mail
 o - a +0 ring mail
 s - a +0 scale mail
 v - a +0 robe (worn)
 y - a +0 pair of gloves (worn)
 B - a +0 helmet
Jewellery
 A - an amulet of faith
Scrolls
 f - a scroll of teleportation
 g - a scroll of magic mapping {unknown}
 j - a scroll of poison {unknown}
Potions
 b - a potion of magic
 e - a potion of lignification
 k - a potion of curing
 p - a potion of invisibility {unknown}
 q - a potion of might


   Skills:
 - Level 2.4 Dodging
 - Level 2.4 Stealth
 + Level 4.6 Spellcasting
 + Level 5.3 Summonings


You had 7 spell levels left.
You knew the following spells:

 Your Spells              Type           Power      Damage    Failure   Level
a - Summon Small Mammal   Summ           100%       N/A       1%          1
b - Call Canine Familiar  Summ           27%        N/A       3%          3

Your spell library contained the following spells:

 Spells                   Type           Power      Damage    Failure   Level
 Call Imp                 Summ           27%        N/A       1%          2
 Summon Guardian Golem    Hex/Summ       16%        N/A       12%         3
 Summon Lightning Spire   Summ/Air       16%        N/A       36%         4


Dungeon Overview and Level Annotations

Branches:
Dungeon (3/15)

Altars:
Gozag

Annotations:
D:3 Ijyb


Message History

Your hound barely misses the kobold.
You hear a zap.
Your hound's mind is blasted.
Your hound misses the kobold.
You hear a zap.
Your hound's mind is blasted!
Your hound is blown up!
Your hound's corpse disappears in a puff of smoke!
Ijyb the Twisted Goblin comes into view.
She is wielding a +0 dagger and carrying a wand of mindburst (15).
Casting: Call Canine Familiar (quite dangerous; 3% risk of failure)
Confirm with . or Enter, or press ? or * to list all spells.
The spell is quite dangerous to miscast (3% risk of failure)!
Continue anyway?
Ijyb shouts!
The kobold hits you with a +0 whip.
You swap places.
Your hound barely misses the kobold.
The kobold hits your hound with a +0 whip.
Your hound closely misses the kobold.
The kobold closely misses your hound.
Your hound closely misses the kobold.
Your hound bites the kobold.
The kobold dies!
Your hound closely misses Ijyb.
Ijyb zaps a wand.
You barely resist.
Your hound bites Ijyb but does no damage.
You hit Ijyb but do no damage. You punch Ijyb, but do no damage.
Your hound misses Ijyb. Ijyb hits you with a +0 dagger.
You closely miss Ijyb.
Your hound closely misses Ijyb.
Your hound misses Ijyb. Ijyb hits you but does no damage.
You barely miss Ijyb.
Your hound bites Ijyb.
Ijyb barely misses you.
You hit Ijyb but do no damage.
Ijyb is moderately wounded.
Your hound bites Ijyb but does no damage.
Ijyb zaps a wand.
You barely resist.
Your hound bites Ijyb but does no damage.
You barely miss Ijyb.
Ijyb is moderately wounded.
Your hound closely misses Ijyb.
Ijyb zaps a wand.
Your mind is blasted!
You closely miss Ijyb.
Ijyb is moderately wounded.
Your hound closely misses Ijyb.
Ijyb zaps a wand.
Your mind is blasted!
Ouch! That really hurt!
You die...

#....# #....# #....# #....#
####### #....#####......
.############.#....##......
....[?.$...................
#.....###h@................
###.#....g.................
$ # ##.#.#####...........<.
#... ###........... #..#
#..#........ ....
#.####...... $ .#.##
............. #.
.........#..##
.....###.....#


You could see Ijyb (ally target) and a friendly hound (summoned).

Vanquished Creatures
  An endoplasm (D:1)
  2 bats
3 creatures vanquished.

Vanquished Creatures (collateral kills)
  2 adders (D:2)
  2 dart slugs
  2 ball pythons (D:2)
  2 bats (D:2)
  3 endoplasms
  3 giant cockroaches
  6 goblins
  2 hobgoblins (D:1)
  4 kobolds
  2 quokkas
  3 frilled lizards
  6 rats
37 creatures vanquished.

Vanquished Creatures (others)
  14 plants (D:1)
14 creatures vanquished.

Grand Total: 54 creatures vanquished

Notes
Turn   | Place    | Note
-------+----------+-------------------------------------------
     0 | D:1      | Heoruswealwe the Deep Elf Summoner began the quest for the
                  | Orb.
     0 | D:1      | Reached XP level 1. HP: 10/10 MP: 6/6
   110 | D:1      | You fall into a shaft and drop 1 floor!
   135 | D:2      | Reached XP level 2. HP: 12/15 MP: 5/8
   250 | D:2      | Reached skill level 5 in Summonings
   250 | D:2      | Reached XP level 3. HP: 19/19 MP: 6/10
   254 | D:2      | Learned a level 3 spell: Call Canine Familiar
   432 | D:1      | Found a faded altar of an unknown god.
   485 | D:1      | Prayed at the altar of an unknown god.
   485 | D:1      | Became a worshipper of Gozag Ym Sagoz the Greedy
  2314 | D:3      | Noticed Ijyb
  2329 | D:3      | Blown up by Ijyb

Illustrated notes

Levels and vault maps discovered:
D:1:      zaba_arrival_water, layout_basic,
          hellmonk_ecumenical_altar_pennies_from_heaven, serial_bayou_crossing
D:2:      layout_loops_ring, kennysheep_generic_room_3
D:3:      layout_rooms, nicolae_overflow_hidden_temple, serial_shops,
          nicolae_shop_window_shopping, uniq_natasha, uniq_ijyb

Skill      XL: |  1  2 |
---------------+-------+-----
Spellcasting   | 4 |  4.6
Summonings     | 5 |  5.3
Dodging        | |  2.4
Stealth        | |  2.4

Action                   || total
-------------------------++-------
Melee: Dagger            ||   119
       Punch             ||     2
 Cast: Summon Small Mamm ||    13
       Call Canine Famil ||     7
  Use: Scroll            ||     6
       Potion            ||     1
Armor: Robe              ||    15
Dodge: Dodged            ||    35
